 Dungeon Crawl Stone Soup version 0.18-a0-824-g47fe746 (webtiles) character file.

99 JokEr the Insei (level 4, -1/30 HPs)
             Began as an Octopode Transmuter on Dec 17, 2015.
             Slain by a kobold (2 damage)
             ... on level 2 of the Dungeon.
             The game lasted 00:04:48 (2824 turns).

JokEr the Insei (Octopode Transmuter)               Turns: 2824, Time: 00:04:48

Health: -1/30      AC:  1    Str:  7 (9)  XL:     4   Next: 72%
Magic:  7/7        EV: 12    Int: 21      God:
Gold:   131        SH:  0    Dex: 12      Spells: 1 memorised, 6 levels left

rFire  . . .     SeeInvis .       - Unarmed
rCold  . . .     Gourm    .     (no shield)
rNeg   . . .     Faith    .     (helmet restricted)
rPois  .         Spirit   .     (no amulet)
rElec  .         Dismiss  .     (no ring)
rCorr  .         Reflect  .     (no ring)
SustAt .         Harm     .     (no ring)
MR     .....                    (no ring)
Stlth  ++........               (no ring)
                                (no ring)
                                (no ring)
                                (no ring)

@: brilliant, appendage, not resistant to hostile enchantments, unstealthy
A: almost no armour, amphibious, 8 rings, constrict 8, tentacle spike 3,
camouflage 1, gelatinous body 1
a: End Transformation


You were on level 2 of the Dungeon.
You were not hungry.
One of your tentacles had a temporary spike.
You visited 1 branch of the dungeon, and saw 2 of its levels.

You collected 131 gold pieces.

Inventory:

Missiles
 a - 12 arrows
Jewellery
 j - a cursed ring of teleportation {unknown}
Scrolls
 d - a scroll of teleportation
Potions
 e - a potion of degeneration
 g - a potion of resistance {unknown}
 k - a potion of heal wounds {unknown}
 m - a potion of curing
Books
 b - a book of Changes

   Spells                             Type                      Level
   a - Beastly Appendage              Transmutation                1
   b - Sticks to Snakes               Transmutation                2
   c - Spider Form                    Transmutation/Poison         3
   d - Ice Form                       Ice/Transmutation            4
   e - Blade Hands                    Transmutation                5
Comestibles
 c - 3 bread rations
 h - a meat ration
 l - a slice of pizza


   Skills:
 + Level 2.3 Fighting
 - Level 2.0 Dodging
 + Level 3.9 Unarmed Combat
 - Level 2.0 Spellcasting
 + Level 3.2 Transmutations


You had 6 spell levels left.
You knew the following spells:

 Your Spells              Type           Power        Failure   Level  Hunger
a - Beastly Appendage     Trmt           ####..       1%          1    #......


Dungeon Overview and Level Annotations

Branches:
Dungeon (2/15)

Altars:
Elyvilon

Annotations:
D:2 Sigmund


Innate Abilities, Weirdness & Mutations

You cannot wear most types of armour.
You are amphibious.
You can wear up to eight rings at the same time.
You can use your tentacles to constrict eight enemies at once.
Your skin changes colour to match your surroundings (Stealth).
Your rubbery body absorbs attacks (AC +1).
One of your tentacles bears a large vicious spike.


Message History

You constrict Ijyb. The kobold closely misses you.
The goblin hits you with a club.
* * * LOW HITPOINT WARNING * * *
Ijyb hits you.
* * * LOW HITPOINT WARNING * * *
You tentacle-slap Ijyb but do no damage.
You squeeze Ijyb.
Ijyb is almost dead.
You constrict Ijyb. The kobold hits you but does no damage.
The goblin hits you with a club.
* * * LOW HITPOINT WARNING * * *
You tentacle-slap Ijyb but do no damage.
You pierce Ijyb, but do no damage.
Ijyb is almost dead.
You constrict Ijyb. Ijyb closely misses you. The kobold barely misses you.
The goblin misses you.
You tentacle-slap Ijyb.
You kill Ijyb!
The kobold hits you.
You die...

#.####.###.#.(###..#..## #......#
#.†.## #...#..# #...#### #####
#.#...# ###..## #..#..##### ###
#....## #.###...... ..####.##..##
.. ##..... #......##...###
#.#####.....
#..#....##..((######...##........
#.#####......(.#@....## #.##.....
..# #####....g[K....... #.....
.## #.##...#.....# .....>.. .#
#.#.............#...... .#
#.#.#..#.⌠.⌠$#. ####### .#
#...##..g..... .# ##.. #.#.....#
## #.. ....._... .# ### .#.....


You could see a goblin and a kobold.

Vanquished Creatures
  Ijyb (D:2)
  3 adders
  6 bats
  A giant cockroach (D:1)
  12 goblins
  2 hobgoblins (D:2)
  2 jackals (D:1)
  8 kobolds
  3 giant geckos
  2 giant newts (D:1)
  8 rats
48 creatures vanquished.

Notes
Turn   | Place    | Note
--------------------------------------------------------------
     0 | D:1      | JokEr the Octopode Transmuter began the quest for the Orb.
     0 | D:1      | Reached XP level 1. HP: 13/13 MP: 3/3
   333 | D:1      | Reached XP level 2. HP: 1/18 MP: 3/5
   740 | D:1      | Reached XP level 3. HP: 15/23 MP: 6/6
  1791 | D:2      | Found a faded altar to an unknown god.
  1859 | D:2      | Reached XP level 4. HP: 18/29 MP: 7/7
  2246 | D:2      | Noticed Sigmund
  2803 | D:2      | Noticed Ijyb
  2806 | D:2      | Found a white marble altar of Elyvilon.
  2822 | D:2      | HP: 1/29 [goblin/club (3)]
  2824 | D:2      | Killed Ijyb
  2824 | D:2      | Slain by a kobold

Vault maps used:
D:1:      minmay_arrival_hallway, st_stairs_6
D:2:      grunt_pakellas_basics, ecumenical_altar_2, first_bread,
          elyvilon_altar_5, uniq_iyjb, uniq_sigmund

Action                   |  1- 3 |  4- 6 || total
-------------------------+-------+-------++-------
Melee: Unarmed           |   111 |    27 ||   138
 Cast: Beastly Appendage |    13 |     2 ||    15
  Use: Scroll            |     4 |     2 ||     6
       Potion            |       |     3 ||     3
 Stab: Sleeping          |     3 |       ||     3
  Eat: Chunk             |     3 |       ||     3
       Bread ration      |       |     1 ||     1
